 Dungeon Crawl Stone Soup version 0.31.0-11-ge490571c62 (webtiles) character file.

Game seed: 4647511768244334943

66 qw the Shooter (level 3, -5/20 HPs)
             Began as a Deep Elf Hunter on Feb 3, 2024.
             Slain by an orc priest
             ... wielding a +0 mace
              (6 damage)
             ... on level 3 of the Dungeon.
             The game lasted 00:00:06 (1871 turns).

qw the Shooter (Deep Elf Hunter)                    Turns: 1871, Time: 00:00:06

Health: -5/20      AC:  7    Str: 10    XL:     3   Next: 96%
Magic:  5/5        EV: 11    Int: 13    God:
Gold:   84         SH:  0    Dex: 18    Spells: 2/2 levels left

rFire   . . .        a - +0 shortbow (drain)
rCold   . . .        (shield currently unavailable)
rNeg    . . .        j - +2 ring mail {rPois}
rPois   +            (no helmet)
rElec   .            k - scarf {repulsion}
rCorr   .            (no gloves)
SInv    .            (no boots)
Will    .....        (no amulet)
Stlth   +            (no ring)
HPRegen 0.23/turn    (no ring)
MPRegen 0.09/turn

%: repel missiles
@: no status effects
A: no striking features
a: no special abilities


You were on level 3 of the Dungeon.
You visited 1 branch of the dungeon, and saw 3 of its levels.

You collected 84 gold pieces.


   Skills:
 - Level 1.5 Fighting
 + Level 7.4 Ranged Weapons
 - Level 2.4 Dodging
 - Level 1.2 Stealth


You had 2 spell levels left.
You didn't know any spells.
Your spell library was empty.

Inventory:

Hand Weapons
 a - a +0 shortbow of draining (weapon)
Armour
 j - a +2 ring mail of poison resistance (worn)
 k - a scarf of repulsion (worn)
Jewellery
 c - an amulet of regeneration
 f - an amulet of guardian spirit
Scrolls
 d - a scroll of teleportation
 i - a scroll of identify
Potions
 b - a potion of invisibility {unknown}
 e - a potion of curing {unknown}
 g - a potion of might
 h - a potion of attraction {unknown}
 l - a potion of enlightenment {unknown}
 m - a potion of magic {unknown}

Dungeon Overview and Level Annotations

Branches:
Dungeon (3/15)

Altars:
Makhleb


Message History

The orc priest shouts!
An orc priest comes into view. It is wielding a +0 trident.
An orc comes into view. It is wielding a +0 mace.
Enter note:
Enter note:
Enter note:
Enter note:
1861 ||| RETREEEEATING.
The orc moves out of view.
You shoot an arrow. The arrow barely misses the orc.
You shoot an arrow. The arrow hits the orc.
You drain the orc.
You kill the orc!
You shoot an arrow. The arrow barely misses the orc priest.
You shoot an arrow. The arrow barely misses the orc priest.
The orc priest hits you but does no damage.
You shoot an arrow. The arrow hits the orc priest.
The orc priest is lightly wounded.
The orc priest looks satisfied for a moment.
You shoot an arrow.
The arrow hits the orc priest but does no damage.
The orc priest hits you but does no damage. x2
You shoot an arrow.
The arrow closely misses the orc priest.
The orc priest completely misses you. The orc priest hits you with a +0 mace.
You shoot an arrow.
The arrow closely misses the orc priest.
The orc priest hits you but does no damage. x2
You shoot an arrow.
The arrow hits the orc priest but does no damage.
You drain the orc priest.
The orc priest is moderately wounded.
The orc priest hits you with a +0 mace. The orc priest barely misses you. x2
The orc priest closely misses you.
You shoot an arrow. The arrow hits the orc priest!
The orc priest is almost dead.
The orc priest mumbles some strange prayers to Beogh against you.
Beogh smites you!
Ouch! That really hurt!
The orc priest hits you with a +0 mace.
You die...

#.#>######..# #.#.# ##.#
###.#.#######.#####.#.
.>.................#. #
#.#.#.<####.########
###.##...(..##...#
#...........##.### ####
o....)oo.)..##.#######...
.....###@#........<......
o.... #.#..##...#####>##
. ...###.##.##.........#
..:##.##.##...########
#..##.##.##.<## #.
##..##.##.##..# ##. #
#...##.##.##..##### #..
#.#.................# #'#
# #.#...#####.###.###.#
##.


You could see 2 orc priests.

Vanquished Creatures
  An adder (D:2)
  2 ribbon worms (D:2)
  3 orcs (D:3)
  9 bats
  3 endoplasms
  3 giant cockroaches
  5 hobgoblins
  2 quokkas (D:2)
  4 ball pythons
  4 frilled lizards
  7 kobolds
  5 rats
48 creatures vanquished.

Notes
Turn   | Place    | Note
-------+----------+-------------------------------------------
     0 | D:1      | qw the Deep Elf Hunter began the quest for the Orb.
     0 | D:1      | Reached XP level 1. HP: 12/12 MP: 3/3
     0 | D:1      | 0 ||| qw: Version: 0.3-a-157-g843a77d
     0 | D:1      | 0 ||| qw: Game counter: 3969
     0 | D:1      | 0 ||| qw: Melee chars always use a shield: true
     0 | D:1      | 0 ||| qw: God list: Okawaru
     0 | D:1      | 0 ||| qw: Allow faded altars: false
     0 | D:1      | 0 ||| qw: Do Orc after clearing Dungeon:15 true
     0 | D:1      | 0 ||| qw: Do second Lair branch before Depths: true
     0 | D:1      | 0 ||| qw: Lair rune preference: random
     0 | D:1      | 0 ||| qw: Goals: Normal
     0 | D:1      | 0 ||| PLANNING D:1-11
   186 | D:1      | Reached XP level 2. HP: 16/16 MP: 4/4
   191 | D:1      | Reached skill level 6 in Ranged Weapons
   633 | D:1      | 633 ||| UPGRADING to +1 ring mail of poison resistance.
   643 | D:1      | 643 ||| DROPPING +0 leather armour.
   644 | D:1      | 644 ||| UPGRADING to scarf of repulsion.
   649 | D:1      | 649 ||| READING 2 scrolls labelled EQYUTZACES.
   654 | D:1      | 654 ||| READING scroll labelled ZIOGYSKELER.
   654 | D:1      | 654 ||| IDENTIFYING fuming cyan potion
   655 | D:1      | 655 ||| READING scroll labelled WESAEHOL CUECO.
   655 | D:1      | 655 ||| ENCHANTING +1 ring mail of poison resistance.
   656 | D:1      | 656 ||| READING scroll labelled FOIRUP ASME.
   656 | D:1      | 656 ||| BRANDING +0 shortbow.
   657 | D:1      | 657 ||| DROPPING scroll of butterflies.
   658 | D:1      | 658 ||| DROPPING potion of lignification.
  1105 | D:2      | Reached XP level 3. HP: 20/20 MP: 5/5
  1361 | D:2      | Reached skill level 7 in Ranged Weapons
  1540 | D:2      | 1540 ||| READING scroll of identify.
  1540 | D:2      | 1540 ||| IDENTIFYING puce potion
  1541 | D:2      | 1541 ||| READING scroll labelled HUIWIO VOVUXTA.
  1542 | D:2      | 1542 ||| READING scroll labelled OLOXIRIHEO.
  1543 | D:2      | 1543 ||| READING scroll labelled COVOCH QIBLU.
  1692 | D:3      | Found a burning altar of Makhleb.
  1733 | D:3      | Found a faded altar of an unknown god.
  1861 | D:3      | 1861 ||| RETREEEEATING.
  1871 | D:3      | HP: 1/20 [orc priest/divine providence (13)]
  1871 | D:3      | Slain by an orc priest

Levels and vault maps discovered:
D:1:      ebering_hopf_link, layout_loops_ring
D:2:      layout_loops_corners
D:3:      layout_loops_ring, general_overflow_altar,
          hellmonk_ecumenical_altar_slurped_away, dk_noncrumbling_4,
          kennysheep_generic_room_13

Skill      XL: |  1  2  3 |
---------------+----------+-----
Ranged Weapons | 6 7 |  7.4
Fighting       | |  1.5
Dodging        | |  2.4
Stealth        | |  1.2

Action                     || total
---------------------------++-------
   Fire: Shortbow          ||   113
    Use: Scroll            ||     8
 Armour: Leather armour    ||    13
         Ring mail         ||    15
  Dodge: Dodged            ||    17

Table legend:
 A = Non-vault XP
 B = Vault XP
 C = Vault XP percentage of total XP
 D = Non-vault monster count
 E = Vault monster count
 F = Vault count percentage of total count
                 A         B        C        D         E       F
            +---------+---------+-------+---------+---------+-------
      Total |      93 |       2 |   2.1 |      47 |       1 |   2.1
            +---------+---------+-------+---------+---------+-------
        D:1 |      28 |       0 |   0.0 |      19 |       0 |   0.0
        D:2 |      45 |       0 |   0.0 |      18 |       0 |   0.0
        D:3 |      20 |       2 |   9.1 |      10 |       1 |   9.1
            +---------+---------+-------+---------+---------+-------
